 Dungeon Sprint DCSS version 0.30-a0-862-g1aabd4f9c5 (webtiles) character file.

Game seed: 5075953703137943559

669 dialectric the Basher (level 7, -1/47 HPs)
             Began as a Gargoyle Gladiator on Mar 8, 2023.
             Was an Initiate of Trog.
             Slain by a polar bear (20 damage)
             ... in the Dungeon (Sprint II: "The Violet Keep of Menkaure").
             The game lasted 00:03:56 (442 turns).

dialectric the Basher (Gargoyle Gladiator)           Turns: 442, Time: 00:03:56

Health: -1/47      AC: 10    Str: 19    XL:     7   Next: 58%
Magic:  7/7        EV: 12    Int:  9    God:    Trog [......]
Gold:   798        SH:  0    Dex: 11    Spells: 6/6 levels left

rFire   . . .      SeeInvis .    a - +0 flail
rCold   . . .      Faith    .    (no shield)
rNeg    + . .      Spirit   .    b - +0 leather armour
rPois   ∞          Reflect  .    c - +0 helmet
rElec   +          Rampage  .    (no cloak)
rCorr   .          NoTele   +    (no gloves)
Will    .....                    (no boots)
Stlth   +                        (no amulet)
HPRegen 0.27/turn                (no ring)
MPRegen 0.10/turn                (no ring)

@: no status effects
A: sickness immunity, AC +4, negative energy resistance 1, electricity
resistance, torment resistance 1, petrification resistance
a: Renounce Religion


You were in the Dungeon.
You worshipped Trog.
Trog was noncommittal.
You visited 1 branch You collected 918 gold pieces.
You spent 120 gold pieces at shops.

Inventory:

Hand Weapons
 a - a +0 flail (weapon)
Armour
 b - a +0 leather armour (worn)
 c - a +0 helmet (worn)
 s - a +0 ring mail
Scrolls
 f - 4 scrolls of identify {unknown}
 n - 2 scrolls of vulnerability {unknown}
 o - 2 scrolls of torment {unknown}
 r - 2 scrolls of immolation {unknown}
 v - a scroll of magic mapping {unknown}
 w - a scroll of enchant armour {unknown}
Potions
 g - 3 potions of resistance {unknown}
 h - a potion of might
 i - 5 potions of magic
 j - a potion of berserk rage
 k - 2 potions of curing
 l - 3 potions of mutation {unknown}
 m - a potion of ambrosia {unknown}
 p - a potion of lignification {unknown}
 q - 3 potions of heal wounds
 t - a potion of invisibility {unknown}
 u - 3 potions of flight {unknown}


   Skills:
 + Level 6.9 Fighting
 + Level 12.4 Maces & Flails
 - Level 3.2 Throwing
 * Level 8.3 Armour
 - Level 3.1 Dodging


You had 6 spell levels left.
You didn't know any spells.
Your spell library was empty.

Dungeon Overview and Level Annotations

Branches:
Dungeon (1/1)

Altars:
Cheibriados
Dithmenos
Elyvilon
Fedhas
Gozag
Hepliaklqana
Kikubaaqudgha
Makhleb
Nemelex Xobeh
Okawaru
Qazlal
Ru
Sif Muna
Trog
Uskayaw
Vehumet
Wu Jian
Xom
Yredelemnul
Zin
The Shining One
Jiyva
Lugonu

Shops:
D !=::*=[[(![*?=!

Annotations:
D exclusions: obsidian statue and oklob plant


Innate Abilities, Weirdness & Mutations

You are immune to sickness and miasma.
Your stone body is resilient. (AC +4)
You are immune to poison.
You resist negative energy. (rN+)
You are resistant to electric shocks. (rElec)
You are resistant to unholy torment.
You are immune to petrification.


Message History

The polar bear closely misses you.
Unknown command.
You hit the polar bear but do no damage.
The polar bear is moderately wounded.
The polar bear closely misses you. The polar bear claws you. x2
You bludgeon the polar bear!!
The polar bear is severely wounded.
The polar bear goes berserk!
You hit the polar bear.
The polar bear is severely wounded.
The polar bear barely misses you.
The polar bear claws you but does no damage.
The polar bear closely misses you.
You hit the polar bear but do no damage.
The polar bear is severely wounded.
The polar bear misses you. The polar bear claws you.
The polar bear claws you but does no damage.
You barely miss the polar bear.
The polar bear is severely wounded.
The polar bear barely misses you.
The polar bear claws you but does no damage.
The polar bear claws you.
You hit the polar bear but do no damage.
The polar bear is severely wounded.
The polar bear bites you!
* * * LOW HITPOINT WARNING * * *
The polar bear closely misses you. x2
You thump the polar bear!
The polar bear is almost dead.
The polar bear misses you. x2
The polar bear claws you but does no damage.
You feel better.
The polar bear bites you but does no damage.
The polar bear claws you but does no damage.
The polar bear claws you. The polar bear closely misses you. x2
The polar bear claws you but does no damage.
You hit the polar bear.
The polar bear is almost dead.
The polar bear bites you!!
You die...

#~## ≈≈≈≈≈
############~~#+++#+++##
###########(~~.....SS..#
##........#~~~~.##+##..#
##....⌠...#~~~~##...##S###
##...∩.∩..#~~~~#..#..#....
##....∩.∩.#~~####.#.####h.
##.∩.∩.∩.∩#~##.###†###.##h
##∩.∩...∩@#S#.####.##..##.
##.∩.....∩hS'##.'.<.'##.+.
##∩.......#(#...##.##..##.
#▓▓▓▓▓▓▓###~##.###+###.##.
##!hh######~~###


B#B ###~~ #$Zh#hh ##~~~ .. ..#~~~~ #∩PZ+$.#+ +#~##. $##~~~~ #$..#(##≈ ~~##
##~~~≈≈ #?$.###§§ ~~ ~~~~§~§ You could see an oklob plant, a polar bear
(berserk), a spectral ball python, a spectral giant cockroach, 2 water moccasins
and 3 black bears.

Vanquished Creatures
  Menkaure (D)
  A water moccasin (D)
  4 necrophages (D)
  4 scorpions (D)
  3 worms (D)
13 creatures vanquished.

Vanquished Creatures (others)
  4 tentacles (D)
4 creatures vanquished.

Grand Total: 17 creatures vanquished

Notes
Turn   | Place    | Note
-------+----------+-------------------------------------------
     0 | D        | dialectric the Gargoyle Gladiator began the quest for the
                  | Orb.
     0 | D        | Reached XP level 1. HP: 12/12 MP: 1/1
    21 | D        | Reached XP level 2. HP: 14/18 MP: 2/2
    26 | D        | Found Roluam Jamie's Magic Scroll Shoppe.
    26 | D        | Found Qorhiuw's Jewellery Shoppe.
    26 | D        | Found Koegagril's Antique Armour Emporium.
    26 | D        | Found Bogry's General Store.
    26 | D        | Found Ebreevee's Antique Weapon Shoppe.
    26 | D        | Found Loraikas's Distillery.
    27 | D        | Found Sukeczil's Antique Armour Shoppe.
    27 | D        | Found Dyop's Antique Armour Emporium.
    41 | D        | Reached skill level 4 in Maces & Flails
    50 | D        | Noticed a scorpion
    50 | D        | Noticed a scorpion
    50 | D        | Noticed a scorpion
    50 | D        | Noticed a scorpion
    58 | D        | Killed a scorpion
    59 | D        | Reached skill level 6 in Maces & Flails
    59 | D        | Reached XP level 3. HP: 12/24 MP: 3/3
    59 | D        | Reached XP level 4. HP: 15/29 MP: 4/4
    61 | D        | Killed a scorpion
    62 | D        | Reached skill level 7 in Maces & Flails
    62 | D        | Reached XP level 5. HP: 18/33 MP: 5/5
    66 | D        | Reached skill level 8 in Maces & Flails
    66 | D        | Reached skill level 5 in Armour
    80 | D        | Reached skill level 5 in Fighting
    80 | D        | Reached skill level 9 in Maces & Flails
    80 | D        | Reached XP level 6. HP: 17/40 MP: 6/6
    90 | D        | Noticed a boulder beetle
    90 | D        | Noticed a boulder beetle
   102 | D        | Reached skill level 10 in Maces & Flails
   117 | D        | Reached skill level 11 in Maces & Flails
   117 | D        | Reached XP level 7. HP: 45/46 MP: 7/7
   129 | D        | Noticed an obsidian statue
   131 | D        | Noticed Menkaure
   139 | D        | Killed Menkaure
   140 | D        | Reached skill level 12 in Maces & Flails
   140 | D        | Found Mydafoqe's Distillery.
   160 | D        | Found a hazy altar of Hepliaklqana.
   160 | D        | Found a snail-covered altar of Cheibriados.
   161 | D        | Found a stormy altar of Qazlal.
   161 | D        | Found a viscous altar of Jiyva.
   161 | D        | Found a shadowy altar of Dithmenos.
   162 | D        | Found a sacrificial altar of Ru.
   162 | D        | Found an ancient bone altar of Kikubaaqudgha.
   162 | D        | Found a white marble altar of Elyvilon.
   163 | D        | Found an ornate altar of the Wu Jian Council.
   163 | D        | Found a shimmering blue altar of Sif Muna.
   163 | D        | Found a corrupted altar of Lugonu.
   164 | D        | Found a shimmering altar of Xom.
   164 | D        | Found a bloodstained altar of Trog.
   164 | D        | Found a burning altar of Makhleb.
   165 | D        | Found a glowing golden altar of the Shining One.
   165 | D        | Found a basalt altar of Yredelemnul.
   165 | D        | Found a hide-covered altar of Uskayaw.
   167 | D        | Found a glowing silver altar of Zin.
   167 | D        | Found a radiant altar of Vehumet.
   167 | D        | Found a blossoming altar of Fedhas.
   167 | D        | Found a sparkling altar of Nemelex Xobeh.
   168 | D        | Found an opulent altar of Gozag.
   168 | D        | Found an iron altar of Okawaru.
   174 | D        | Became a worshipper of Trog the Wrathful
   186 | D        | Noticed a kraken
   212 | D        | Found the +4 consecrated labrys {holy, Valiant Fragile Fly
                  | SInv}
   305 | D        | Noticed a yaktaur
   305 | D        | Noticed a hornet
   305 | D        | Noticed a polar bear
   305 | D        | Noticed a polar bear
   336 | D        | Found Akkeweer's Jewellery Shoppe.
   338 | D        | Found Yhoec Arghu's General Store.
   338 | D        | Found Sighoj's Book Emporium.
   338 | D        | Noticed an oklob plant
   339 | D        | Found Lahoc's Distillery.
   339 | D        | Found Puomaliq's Jewellery Shoppe.
   339 | D        | Found Kuetony's Book Shoppe.
   411 | D        | Noticed a polar bear
   415 | D        | Noticed a polar bear
   418 | D        | Bought a potion of might for 40 gold pieces
   418 | D        | Bought a potion of heal wounds for 50 gold pieces
   418 | D        | Bought a potion of curing for 30 gold pieces
   442 | D        | Slain by a polar bear

Illustrated notes

Levels and vault maps discovered:
D:        the_violet_keep_of_menkaure [sprint2_stairs_cluster_1,
          sprint2_shoproom, sprint2_temple, sprint2_basic_supplies,
          sprint2_obstacle_7, sprint2_obstacle_2, sprint2_obstacle_3,
          sprint2_obstacle_4, sprint2_obstacle_6, sprint2_timed_cluster_1,
          sprint2_smallroom_cluster_1, sprint2_smallroom_final_cluster_1,
          sprint2_transparent_cluster_1, sprint2_second_timed_cluster_1,
          sprint2_sniper_area_1, sprint2_heavy_combat_area_1,
          sprint2_mutation_trap_area_1, sprint2_forest_area_1,
          sprint2_light_combat_area_1, sprint2_behind_water_1,
          sprint2_near_end_vault_1]

Skill      XL: |  1  2  3  4  5  6  7 |
---------------+----------------------+-----
Throwing       | 2 3 |  3.2
Dodging        | 3 |  3.1
Maces & Flails | 6 7 9 11 12 | 12.4
Fighting       | 3 4 5 6 |  6.9
Armour         | 3 4 6 7 8 |  8.3

Action                     |  1- 3 |  4- 6 |  7- 9 || total
---------------------------+-------+-------+-------++-------
  Melee: Flail             |    30 |    40 |    30 ||   100
         Punch             |       |     1 |     1 ||     2
  Throw: Throwing net      |       |       |     3 ||     3
         Javelin           |       |       |     1 ||     1
    Use: Potion            |     1 |     1 |     2 ||     4
         Scroll            |       |       |     1 ||     1
 Armour: Leather armour    |     1 |    14 |    22 ||    37
  Dodge: Dodged            |    15 |    20 |    38 ||    73

Table legend: (Time is in decaauts)
 A = Elapsed time spent in this place.
 B = Non-inter-level travel time spent in this place.
 C = Inter-level travel time spent in this place.
 D = Time resting spent in this place.
 E = Time spent auto-exploring this place.
 F = Levels seen in this place.
 G = Mean time per level.
                   A        B        C        D        E       F      G
               +--------+--------+--------+--------+--------+-----+--------+
         Total |    436 |    436 |      0 |      0 |     70 |   1 |  436.0 |
       Dungeon |    436 |    436 |      0 |      0 |     70 |   1 |  436.0 |
               +--------+--------+--------+--------+--------+-----+--------+

Top non-repeatable levels by time:
       D: 436 daAuts
